 Dungeon Crawl Stone Soup version 0.27.1-34-g3ba077fa99 (webtiles) character file.

Game seed: 595507789971162718

227 Arum the Ducker (level 5, -3/42 HPs)
             Began as a Demonspawn Gladiator on Jan 4, 2022.
             Slain by a black bear (5 damage)
             ... on level 5 of the Dungeon.
             The game lasted 00:04:26 (3243 turns).

Arum the Ducker (Demonspawn Gladiator)              Turns: 3243, Time: 00:04:27

Health: -3/42      AC:  5    Str: 14    XL:     5   Next: 70%
Magic:  0/5        EV: 17    Int: 10    God:
Gold:   215        SH:  0    Dex: 15    Spells: 4/4 levels left

rFire    . . .     SeeInvis .   a - +0 long sword
rCold    . . .     Faith    .   (no shield)
rNeg     . . .     Spirit   +   b - +0 leather armour
rPois    .         Reflect  .   c - +1 helmet
rElec    .         Harm     .   (no cloak)
rCorr    .         Rampage  .   (no gloves)
Will     .....                  (no boots)
Stlth    +.........             s - amulet of guardian spirit
HPRegen  0.14/turn              m - ring of flight
MPRegen  0.09/turn              t - +4 ring of evasion

@: flying
A: talons 1, demonic magic 1
a: no special abilities


You were on level 5 of the Dungeon.
You visited 1 branch of the dungeon, and saw 5 of its levels.

You collected 215 gold pieces.

Inventory:

Hand Weapons
 a - a +0 long sword (weapon)
Missiles
 d - 2 throwing nets (quivered)
Armour
 b - a +0 leather armour (worn)
 c - a +1 helmet (worn)
 v - the -3 pair of boots "Fezijenn" {rElec rPois rN+ Int-5}
   (You found it on level 4 of the Dungeon)

   Int:       It affects your intelligence (-5).
   rElec:     It insulates you from electricity.
   rPois:     It protects you from poison.
   rN:        It protects you from negative energy.
Jewellery
 m - a ring of flight (left hand)
 s - an amulet of guardian spirit (around neck)
 t - a +4 ring of evasion (right hand)
 u - a ring of resist corrosion
Scrolls
 e - a scroll of amnesia
Potions
 f - a potion of cancellation {unknown}
 h - a potion of magic
 l - 2 potions of might
 n - a potion of brilliance
 p - a potion of curing {unknown}
 q - a potion of heal wounds {unknown}


   Skills:
 + Level 3.6 Fighting
 + Level 3.9 Long Blades
 - Level 1.7 Throwing
 + Level 4.0 Dodging
 - Level 1.0 Unarmed Combat


You had 4 spell levels left.
You didn't know any spells.
Your spell library contained the following spells:

 Spells                   Type           Power      Damage    Failure   Level
 Corpse Rot               Necr/Air       N/A        N/A       58%         2
 Poisonous Vapours        Pois/Air       0%         N/A       58%         2
 Freezing Cloud           Conj/Ice/Air   0%         6-21      100%        5


Dungeon Overview and Level Annotations

Branches:
Dungeon (5/15)
 Temple: D:4-7

Altars:
Qazlal
Sif Muna
Trog
Xom


Innate Abilities, Weirdness & Mutations

You have sharp toenails.
Spells you cast may paralyse adjacent enemies.


Message History

You slash the black bear!
The black bear is moderately wounded.
The black bear completely misses you. The black bear misses you.
The black bear claws you.
A black bear comes into view.
The black bear growls angrily.
You hit the black bear.
The black bear is heavily wounded.
The black bear completely misses you. The black bear misses you.
The black bear claws you but does no damage.
You hit the black bear. Your kick misses the black bear.
The black bear is severely wounded.
The black bear bites you. The black bear completely misses you.
The black bear barely misses you.
You hit the black bear. You claw the black bear.
The black bear is almost dead.
The black bear barely misses you. The black bear claws you.
The black bear misses you.
The black bear goes berserk!
You slash the black bear!
The black bear is almost dead.
The black bear bites you. The black bear completely misses you.
The black bear claws you but does no damage.
The black bear bites you! The black bear barely misses you.
The black bear claws you. The black bear bites you.
The black bear misses you. x2
The black bear completely misses you.
The black bear claws you but does no damage.
The black bear claws you. The black bear bites you!
* * * LOW HITPOINT WARNING * * *
The black bear misses you. The black bear claws you.
* * * LOW HITPOINT WARNING * * *
Okay, then.
Throw: 3 throwing nets
Press: ? - help, Q - select action Shift-Dir - straight line, f - black bear
Aim: a black bear (almost dead, berserk, 67% to hit)
You throw a throwing net.
The throwing net closely misses the black bear.
The throwing net hits the black bear.
The black bear is caught in the net!
The black bear closely misses you. The black bear claws you.
You die...

...># #..#
#.<#####.#
#.###........#
#..............
#..###.#######.
#.. #.# #.. #.#
#.. #@#
#>.###h######.
#####.....h.......
......†...........
...[..####.#####..
...### #.# ._ #.#
. #.# #..


You could see 2 black bears.

Vanquished Creatures
  A scorpion (D:3)
  A water moccasin skeleton (D:4)
  An orc wizard (D:3)
  5 adders
  A worm (D:2)
  2 dart slugs
  4 orcs (D:3)
  2 ball pythons
  5 bats
  3 endoplasms
  2 giant cockroaches
  3 goblins
  A hobgoblin (D:3)
  3 quokkas
  3 frilled lizards (D:1)
  5 kobolds
  5 rats
47 creatures vanquished.

Notes
Turn   | Place    | Note
-------+----------+-------------------------------------------
     0 | D:1      | Arum the Demonspawn Gladiator began the quest for the Orb.
     0 | D:1      | Reached XP level 1. HP: 16/16 MP: 1/1
   218 | D:1      | Gained mutation: You have sharp toenails. [demonic
                  | ancestry]
   218 | D:1      | Reached XP level 2. HP: 22/22 MP: 2/2
   454 | D:1      | Reached skill level 3 in Dodging
   674 | D:2      | Reached XP level 3. HP: 26/28 MP: 3/3
  1198 | D:2      | Found a faded altar of an unknown god.
  1551 | D:3      | Found a bloodstained altar of Trog.
  1552 | D:3      | Noticed a scorpion
  1905 | D:3      | Killed a scorpion
  1906 | D:3      | Reached skill level 1 in Unarmed Combat
  1906 | D:3      | Reached XP level 4. HP: 35/35 MP: 4/4
  1977 | D:3      | Gained mutation: Spells you cast may paralyse adjacent
                  | enemies. [demonic ancestry]
  1977 | D:3      | Reached XP level 5. HP: 30/41 MP: 5/5
  2562 | D:4      | Found a shimmering blue altar of Sif Muna.
  2580 | D:4      | Found a shimmering altar of Xom.
  3103 | D:4      | Identified the -3 pair of boots "Fezijenn" {rElec rPois rN+
                  | Int-5}
  3173 | D:5      | Entered Level 5 of the Dungeon
  3226 | D:5      | Noticed a black bear
  3229 | D:5      | Reached skill level 4 in Dodging
  3229 | D:5      | Found a stormy altar of Qazlal.
  3235 | D:5      | Noticed a black bear
  3241 | D:5      | HP: 2/42 [black bear (5)]
  3243 | D:5      | Slain by a black bear

Illustrated notes

Levels and vault maps discovered:
D:1:      minmay_arrival_arboretum_small, layout_rooms
D:2:      layout_basic, ebering_ecumenical_altar_sacrificial
D:3:      layout_loops_cross, mainiacjoe_overflow_concentric_impassable,
          chequers_mini_garden, minmay_misc_feat_pillars
D:4:      layout_basic, xom_teletrap_fun, nicolae_sif_muna_condensation
D:5:      layout_loops_ring, mainiacjoe_overflow_alcove_1, kennysheep_mini_moat,
          serial_shops, shop_statue, minmay_strange_pillars,
          kennysheep_generic_room_11

Skill      XL: |  1  2  3  4  5 |
---------------+----------------+-----
Dodging        | 3 4 |  4.0
Long Blades    | 3 |  3.9
Fighting       | 3 |  3.6
Unarmed Combat | 1 |  1.0
Throwing       | |  1.7

Action                   |  1- 3 |  4- 6 || total
-------------------------+-------+-------++-------
Melee: Long sword        |    64 |    73 ||   137
       Kick              |    12 |    23 ||    35
Throw: Throwing net      |       |     1 ||     1
  Use: Scroll            |       |     9 ||     9
 Stab: Sleeping          |     1 |       ||     1
Armor: Leather armour    |    13 |    19 ||    32
Dodge: Dodged            |    37 |    65 ||   102
       Rpst.: Long sword |    13 |    14 ||    27
